Construct Infanterie Kompanie
Selects Luftwaffe Battlegroup
Selects Luftwaffe Pioneer Support
Fallschirmpioneer Squad Paradrop
Fallschirmpioneer Squad Paradrop
Construct Panzergrenadier Kompanie
Selects Stuka Strafing Run
Selects Stuka Strafing Run
Pak 40 Anti-tank Gun Team
Fallschirmpioneer Squad Paradrop
Selects Fallschirmjäger Squad Paradrop
Selects Fragmentation Bombs
Selects Flak 38 Anti-Air Emplacement
Fallschirmjäger Squad Paradrop
Fallschirmjäger Squad Paradrop
Nebelwerfer 42 Rocket Launcher Team
Fallschirmjäger Squad Paradrop
Fallschirmpioneer Squad Paradrop
Fallschirmjäger Squad Paradrop
Selects Flak 36 Anti-tank Gun Emplacement
Construct Panzer Kompanie
Fallschirmpioneer Squad Paradrop
Fallschirmjäger Squad Paradrop
Fallschirmjäger Squad Paradrop
Fallschirmpioneer Squad Paradrop